 Dungeon Crawl Stone Soup version 0.02-100-gc9e1e00884 (webtiles) character file.

Game seed: 10209086630947956250, levelgen mode: deterministic

529 Borgoz the Twirler (level 7, 0/43 HPs) Gargoyle Gladiator. Began on Sept 16, 2020. Engulfed by a cloud of flame (10 damage) ... on level 2 of the Dungeon. The game lasted 00:04:27 (1320 turns).

Borgoz the Twirler (Gargoyle Gladiator)             Turns: 1320, Time: 00:04:27

Health: 0/43       AC: 12    Str: 18    XL:     7 ^: 442
Magic:  8/8        EV: 27    Int:  8    God:
Gold:   72         SH:  0    Dex: 13    Spells: 6/6 levels left

rFire    . . .     Vision   .   a - +0 quarterstaff
rCold    . . .     Gourm    .   (also wielding the above weapon)
rNeg     + . .     Faith    .   e - +0 scale mail
rPois    ∞         Spirit   .   c - +0 helmet
rElec    +         Reflect  .   (no cloak)
rCorr    .         Harm     .   (no gloves)
MR       .....                  (no boots)
Stlth    ..........             h - amulet of the acrobat
HPRegen  0.24/turn              (no ring)
MPRegen  0.18/turn              (no ring)

@: acrobat
A: negative energy resistance 1, electricity resistance, unbreathing,
petrification resistance, rot immunity, AC +4
a: no special abilities


You were on level 2 of the Dungeon.
You were not hungry.

You visited 1 branch of the dungeon, and saw 2 of its levels.

You collected 72 gold pieces.

Inventory:

Weapons
 a - a +0 quarterstaff (weapon)
Armour
 c - a +0 helmet (worn)
 e - a +0 scale mail (worn)
Jewellery
 h - an amulet of the acrobat (around neck)
Wands
 d - a wand of ensnaring (9)
Scrolls
 g - a scroll of enchantment
 i - a scroll of teleportation
Potions
 b - 2 potions of agility
Comestibles
 f - 5 rations
 j - a chunk of flesh


   Skills:
 + Level 4.3 Fighting
 * Level 5.5 Maces & Staves
 + Level 3.0 Armour
 + Level 3.6 Dodging
 - Level 1.8 Evocations


You had 6 spell levels left.
You didn't know any spells.
Your spell library was empty.

Dungeon Overview and Level Annotations

Branches:
Dungeon (2/8)

Altars:
Cheibriados
Xom


Innate Abilities, Weirdness & Mutations

You are resistant to torment.
Your stone body is resilient. (AC +4)
You are immune to poison.
You resist negative energy. (rN+)
You are resistant to electric shocks. (rElec)
You can survive without breathing.
You are immune to petrification.
You are immune to rotting.


Message History

The sewer rat explodes!
The fiery explosion engulfs the big kobold (28)!!
The big kobold explodes!
The fiery explosion engulfs the withered plant (35)!!
The withered plant is destroyed!
The fiery explosion engulfs the withered plant (31)!!
The withered plant is destroyed!
You hear a splash. x3
Your Armour skill increases to level 3!
You hear a splash. x15
The fiery explosion engulfs you (23)!!
Ouch! That really hurt!
You hear a splash.
You are engulfed in blazing flames.
* * * LOW HITPOINT WARNING * * *
You hear an angry buzzing noise.
You hear an angry hiss.
You hear an angry buzzing noise.
The slimehead is engulfed in blazing flames.
You are engulfed in blazing flames.
You die...

≈ ##.≈#..#..≈≈≈≈..≈ ††
#...##≈.≈≈≈≈≈≈P.# ≈≈≈
##..≈###≈≈≈;≈≈P≈# ≈≈≈≈
##≈..##≈P≈≈≈≈≈.. ≈≈≈≈≈
####.≈#≈≈≈≈≈≈≈..
≈≈≈≈§§#####....##≈P≈≈≈≈≈.#
÷≈§§#§§§#≈...###≈≈≈≈≈;≈.#
≈≈≈§§§§§§#<.### #.≈≈≈...≈#
≈≈≈≈.KK#§@.≈# #≈.≈≈≈≈≈.#
≈≈≈P≈####..## #≈≈≈≈≈≈≈.#
≈≈≈≈≈ #### #≈≈≈≈≈≈≈.# ≈≈≈K
#≈≈≈≈≈≈≈≈# ≈≈≈ #≈..≈....#
≈≈≈ #.≈...≈≈.# #≈≈≈.≈≈≈.#
≈≈≈≈≈≈≈≈# ≈PP≈≈≈≈≈#


There were no monsters in sight!

Vanquished Creatures
  2 big kobolds (D:2)
  5 jellies (D:2)
  2 adders (D:2)
  9 sewer rats (D:2)
  3 cinder newts (D:1)
  3 oozes (D:2)
  4 dart slugs (D:1)
  2 leopard geckos
  An adder skeleton (D:2)
  A cinder newt skeleton (D:2)
  4 giant cockroaches
  5 hobgoblins (D:1)
  14 kobolds
  A ball python (D:2)
  A ball python skeleton (D:2)
  8 bats
  5 goblins (D:1)
  A hobgoblin skeleton (D:2)
  3 rats (D:1)
  A withered plant (D:2)
75 creatures vanquished.

Vanquished Creatures (others)
  2 big kobolds (D:2)
  17 sewer rats (D:2)
  A worm (D:2)
  2 oozes (D:2)
  2 giant cockroaches (D:2)
  3 ball pythons (D:2)
  A goblin skeleton (D:2)
  10 kobolds (D:2)
  3 slimeheads (D:2)
  209 withered plants (D:2)
250 creatures vanquished.

Grand Total: 325 creatures vanquished

Notes
Turn   | Place    | Note
-------+----------+-------------------------------------------
     0 | D:1      | Borgoz the Gargoyle Gladiator began the quest for the Orb.
     0 | D:1      | Reached XP level 1. HP: 12/12 MP: 2/2
    48 | D:1      | Reached XP level 2. HP: 18/18 MP: 3/3
   284 | D:1      | Reached XP level 3. HP: 17/22 MP: 4/4
   610 | D:1      | Reached XP level 4. HP: 28/28 MP: 5/5
   870 | D:2      | Reached skill level 4 in Maces & Staves
   870 | D:2      | Reached skill level 1 in Armour
   897 | D:2      | Found a snail-covered altar of Cheibriados.
   902 | D:2      | Reached XP level 5. HP: 21/32 MP: 6/6
  1058 | D:2      | Reached XP level 6. HP: 37/37 MP: 7/7
  1137 | D:2      | Found a shimmering altar of Xom.
  1182 | D:2      | Reached skill level 5 in Maces & Staves
  1241 | D:2      | Reached XP level 7. HP: 37/43 MP: 8/8
  1320 | D:2      | Engulfed by a cloud of flame

Levels and vault maps discovered:
D:1:      eino_arrival_water_star, layout_basic, minmay_close_crescents
D:2:      layout_sewer, bcadren_lemuel_inverted_doored_altar, serial_shops,
          shop, xom_teletrap_fun, uniq_edmund

Skill      XL: |  1  2  3  4  5  6  7 |
---------------+----------------------+-----
Fighting       | 3 4 |  4.3
Maces & Staves | 4 5 |  5.5
Armour         | 1 2 3 |  3.0
Dodging        | 3 |  3.6
Evocations     | |  1.8

Action                   |  1- 3 |  4- 6 |  7- 9 || total
-------------------------+-------+-------+-------++-------
Melee: Quarterstaff      |    58 |   108 |    21 ||   187
  Eat: Chunk             |       |     1 |     1 ||     2
Armor: Scale mail        |    29 |    22 |    11 ||    62
Dodge: Dodged            |    47 |    77 |    14 ||   138
